[Event "Titled Tuesday Blitz April 25 Early 2023"]
[White "Henriquez Villagra, Cristobal"]
[Black "Martinez Alcantara, Jose Eduardo"]
[WhiteFideId "3409350"]
[BlackFideId "3805662"]
[WhiteElo "2542"]
[BlackElo "2711"]
[Result "1/2-1/2"]
[Round "08"]
[TimeControl "180+2"]
[Date "2023.04.25"]
[WhiteClock "0:00:15"]
[BlackClock "0:00:06"]

1. Nf3 c5 2. g3 Nc6 3. Bg2 g6 4. O-O Bg7 5. d3 d6 6. e4 Bg4 7. h3 Bxf3 8. Qxf3 Nf6 9. Qd1 O-O 10. c3 Nd7 11. Nd2 b5 12. f4 Rc8 13. Nf3 b4 14. c4 Nd4 15. Nh2 e6 16. Kh1 f5 17. Be3 Kh8 18. Qd2 a5 19. Rae1 Qf6 20. Rf2 Qf7 21. Nf3 Nxf3 22. Bxf3 Nb8 23. exf5 gxf5 24. Rfe2 Nc6 25. Bxc6 Rxc6 26. d4 cxd4 27. Bxd4 e5 28. fxe5 Qxc4 29. Kh2 Qd5 30. b3 Kg8 31. Bb2 Qxd2 32. Rxd2 dxe5 33. Ree2 e4 34. Bxg7 Kxg7 35. Rd5 Kg6 36. Rxa5 h5 37. Kg2 Rc3 38. h4 Rf6 39. Re5 Rf3 40. Rb5 Rd6 41. Rf2 Rxf2+ 42. Kxf2 Rd2+ 43. Ke3 Rd3+ 44. Kf2 Rf3+ 45. Kg2 Rd3 46. Rxb4 Rd2+ 47. Kf1 Rxa2 48. Rb6+ Kf7 49. b4 Rb2 50. b5 Rc2 51. Rb7+ Kf6 52. Rb8 Rb2 53. b6 Kg7 54. Ke1 Kh7 55. Kf1 Kg7 56. Ke1 Kh7 57. b7 Kg7 58. Kf1 Kh7 59. Rf8 Rxb7 60. Rxf5 Kg6 61. Rg5+ Kh6 62. Ke2 Rb3 63. Kf2 Rf3+ 64. Kg2 Re3 65. Re5 Kg6 66. Kf2 Rf3+ 67. Kg2 Re3 68. Kf2 Rf3+ 69. Kg2 Re3 1/2-1/2


[Site "https://www.chess.com"]

[Event "Titled Tuesday Blitz April 25 Early 2023"]
[White "Movahed, Sina"]
[Black "Duda, Jan-Krzysztof"]
[WhiteFideId "42520835"]
[BlackFideId "1170546"]
[WhiteElo "2225"]
[BlackElo "2790"]
[Result "0-1"]
[Round "08"]
[TimeControl "180+2"]
[Date "2023.04.25"]
[WhiteClock "0:00:03"]
[BlackClock "0:00:09"]

1. e4 c5 2. Nf3 d6 3. d4 cxd4 4. Nxd4 Nf6 5. Nc3 a6 6. Bg5 e6 7. f4 h6 8. Bh4 Be7 9. Qe2 Nxe4 10. Bxe7 Nxc3 11. Qc4 Kxe7 12. Qxc3 Bd7 13. O-O-O Qb6 14. Qg3 Rg8 15. f5 Qc5 16. Qh4+ g5 17. Qxh6 Nc6 18. f6+ Kd8 19. Nxc6+ Bxc6 20. Bd3 Kc7 21. Rhe1 Raf8 22. g3 Rh8 23. Qg7 Kb8 24. h4 gxh4 25. gxh4 Qh5 26. Qg3 Rd8 27. Qg7 Rdg8 28. Be2 Rxg7 29. Bxh5 Rgh7 30. Be2 Rxh4 31. Rxd6 Rf4 32. c4 Kc7 33. Rd2 Rxf6 34. b4 Rh2 35. b5 axb5 36. cxb5 Bd5 37. a4 Kb6 38. Bd1 Rxd2 39. Kxd2 Rf4 40. Kc3 Rc4+ 41. Kd3 Rc1 42. Kd2 Ra1 43. Re3 Kc5 44. Rc3+ Kd6 45. Bc2 f5 46. b6 f4 47. Rc7 Bc6 48. Rf7 e5 49. Kc3 Kc5 50. Bb3 Kxb6 51. Kb2 Re1 52. Rf5 Re3 53. Bc2 Ka5 54. Rxe5+ Rxe5 0-1


[Site "https://www.chess.com"]

[Event "Titled Tuesday Blitz April 25 Early 2023"]
[White "Lazavik, Denis"]
[Black "Salinas Herrera, Pablo"]
[WhiteFideId "13515110"]
[BlackFideId "3407128"]
[WhiteElo "2560"]
[BlackElo "2546"]
[Result "1/2-1/2"]
[Round "08"]
[TimeControl "180+2"]
[Date "2023.04.25"]
[WhiteClock "0:00:05"]
[BlackClock "0:00:05"]

1. d4 d5 2. c4 e6 3. Nf3 Nf6 4. g3 h6 5. Bg2 Bd6 6. O-O O-O 7. b3 b6 8. Bb2 Bb7 9. Nc3 Re8 10. Rc1 Nc6 11. cxd5 exd5 12. Nb5 a6 13. Nxd6 cxd6 14. Ne1 Ne4 15. f3 Nf6 16. Nd3 Ne7 17. g4 Ng6 18. Qd2 Qe7 19. Rf2 Ne4 20. fxe4 dxe4 21. Qe3 exd3 22. Qxe7 Rxe7 23. Bxb7 Rxb7 24. exd3 Ne7 25. Re2 Nd5 26. Kf2 Rd8 27. Kf3 f6 28. Ba3 Kf7 29. Rc6 Rbd7 30. h4 a5 31. h5 b5 32. Ra6 a4 33. bxa4 bxa4 34. Ra5 Ne7 35. Rxa4 f5 36. Ra5 fxg4+ 37. Kxg4 Ng8 38. Rf5+ Nf6+ 39. Kg3 Ra8 40. Bc1 Ra4 41. Bxh6 Rxd4 42. Bg5 Rxd3+ 43. Kg2 Rd5 44. Rxd5 Nxd5 45. Rd2 Ke6 46. Kf3 Ra7 47. Kg2 Ra4 48. Bd8 Nc3 49. Bc7 Ne4 50. Re2 d5 51. Bf4 Kf5 52. Bc1 Rc4 53. Bb2 Kg5 54. Bxg7 Kxh5 55. Be5 Kg4 56. Bb8 Ra4 57. Be5 Ng5 58. Bh8 Nf3 59. Kf2 Kf4 60. Bf6 Kg4 61. Kg2 Rc4 62. Bd8 Ra4 63. Kf2 Nd4 64. Rd2 Kf5 65. Bb6 Ke4 66. Kg2 Nf5 67. Re2+ Kd3 68. Re5 Nh4+ 69. Kh3 Nf3 70. Rxd5+ Ke4 71. Rd8 Rxa2 72. Kg3 Ne5 73. Re8 Ra3+ 74. Kh4 Kf5 75. Rf8+ Ke6 76. Rf1 Ra4+ 77. Kg3 Rg4+ 78. Kh3 Re4 79. Bc7 Ng6 80. Bg3 Re3 81. Kg4 Ne5+ 82. Kh4 Re4+ 83. Kh5 Re3 84. Bf4 Re4 85. Kg5 Nd3 86. Bg3 Re2 87. Rf6+ Kd5 88. Rd6+ Ke4 89. Kg4 Ne5+ 90. Kh3 Nc4 91. Re6+ Kd3 92. Rxe2 Kxe2 1/2-1/2


[Site "https://www.chess.com"]

[Event "Titled Tuesday Blitz April 25 Early 2023"]
[White "Weetik, Vjacheslav"]
[Black "Tactrics"]
[WhiteFideId "4153472"]
[WhiteElo "2469"]
[BlackElo "2958"]
[Result "0-1"]
[Round "08"]
[TimeControl "180+2"]
[Date "2023.04.25"]
[WhiteClock "0:00:02"]
[BlackClock "0:00:41"]

1. d4 e6 2. e4 d5 3. exd5 exd5 4. Nf3 Bd6 5. c4 Nf6 6. Nc3 c6 7. cxd5 cxd5 8. Bg5 O-O 9. Be2 Bb4 10. O-O Bxc3 11. bxc3 h6 12. Bh4 Nc6 13. Bd3 Bg4 14. h3 Bh5 15. Re1 Qd6 16. g4 Bg6 17. Ne5 Bxd3 18. Qxd3 Ne4 19. c4 Ng5 20. Bxg5 hxg5 21. c5 Qf6 22. Rab1 Rae8 23. Qg3 Nxd4 24. Nd7 Nf3+ 25. Kh1 Rxe1+ 26. Rxe1 Qc3 27. Rd1 Re8 28. Kg2 Nh4+ 29. Kh2 Qc2 30. Rxd5 Re2 0-1


[Site "https://www.chess.com"]

[Event "Titled Tuesday Blitz April 25 Early 2023"]
[White "Svane, Frederik"]
[Black "djokovic74"]
[WhiteFideId "12923044"]
[WhiteElo "2502"]
[BlackElo "2630"]
[Result "1-0"]
[Round "08"]
[TimeControl "180+2"]
[Date "2023.04.25"]
[WhiteClock "0:00:26"]
[BlackClock "0:00:01"]

1. e4 e6 2. d4 d5 3. Nd2 c5 4. Ngf3 cxd4 5. Nxd4 Nc6 6. Bb5 Bd7 7. Nxc6 bxc6 8. Bd3 Bd6 9. O-O Ne7 10. b3 O-O 11. Bb2 a5 12. Qh5 Ng6 13. e5 Bc7 14. Nf3 h6 15. Bxg6 fxg6 16. Qxg6 Qe7 17. a4 c5 18. Rfe1 Rf5 19. Ba3 Raf8 20. c4 Rxf3 21. gxf3 d4 22. Rad1 Rf5 23. f4 Rxf4 24. Qg3 g5 25. Bc1 Rf5 26. f4 Qg7 27. Rf1 g4 28. Kf2 Bc6 29. Ke1 Rh5 30. Rg1 Bf3 31. Rd3 Be4 32. Qxg4 Qxg4 33. Rxg4+ Kf8 34. Rdg3 Bh7 35. Rg7 1-0


[Site "https://www.chess.com"]

[Event "Titled Tuesday Blitz April 25 Early 2023"]
[White "Steinberg, Nitzan"]
[Black "Bilych, Olexiy"]
[WhiteFideId "2801795"]
[BlackFideId "14156504"]
[WhiteElo "2486"]
[BlackElo "2320"]
[Result "1-0"]
[Round "08"]
[TimeControl "180+2"]
[Date "2023.04.25"]
[WhiteClock "0:02:03"]
[BlackClock "0:00:12"]

1. Nf3 d5 2. g3 Nf6 3. Bg2 Bf5 4. O-O e6 5. d3 h6 6. Nbd2 Bh7 7. Qe1 Be7 8. e4 O-O 9. Qe2 c5 10. Re1 Nc6 11. e5 Nd7 12. Nf1 b5 13. h4 a5 14. N1h2 Re8 15. Ng4 Bf8 16. Bf4 Nd4 17. Nxd4 cxd4 18. Nh2 Rc8 19. Nf3 Qb6 20. h5 Rc6 21. g4 Rec8 22. Rac1 Nc5 23. g5 Na4 24. gxh6 gxh6 25. Qd2 Qd8 26. Bxh6 Nxb2 27. Nxd4 Rc3 28. Bg5 Qb6 29. Bf6 Qxd4 30. Qg5+ Bg6 31. hxg6 Rxc2 32. gxf7+ Kxf7 33. Qh5+ 1-0


[Site "https://www.chess.com"]

[Event "Titled Tuesday Blitz April 25 Early 2023"]
[White "Corrales Jimenez, Fidel"]
[Black "MaryanKyrychenko"]
[WhiteFideId "3506690"]
[WhiteElo "2541"]
[BlackElo "2573"]
[Result "0-1"]
[Round "08"]
[TimeControl "180+2"]
[Date "2023.04.25"]
[WhiteClock "0:00:09"]
[BlackClock "0:00:41"]

1. e4 c5 2. Nf3 d6 3. d4 cxd4 4. Nxd4 Nf6 5. Nc3 g6 6. Be3 Bg7 7. f3 O-O 8. Qd2 Nc6 9. O-O-O d5 10. exd5 Nxd5 11. Nxc6 bxc6 12. Bd4 e5 13. Bc5 Be6 14. Ne4 Qc7 15. Bxf8 Rxf8 16. g4 Nf4 17. Kb1 h6 18. h4 Rb8 19. Qd6 Qb6 20. b3 Nd5 21. g5 Bf5 22. Rxd5 cxd5 23. Qxd5 Rd8 24. Qc4 Rd1+ 25. Kb2 Qe3 26. gxh6 Qc1+ 27. Kc3 Bf8 28. h7+ Kh8 29. b4 Qa3+ 30. Qb3 Bxb4+ 31. Kc4 Be6+ 32. Kb5 Qa5+ 33. Kc6 Qb6# 0-1


[Site "https://www.chess.com"]

[Event "Titled Tuesday Blitz April 25 Early 2023"]
[White "Demchenko, Anton"]
[Black "WindWhistler11"]
[WhiteFideId "4160258"]
[WhiteElo "2545"]
[BlackElo "2524"]
[Result "0-1"]
[Round "08"]
[TimeControl "180+2"]
[Date "2023.04.25"]
[WhiteClock "0:00:04"]
[BlackClock "0:00:06"]

1. e4 e6 2. d4 d5 3. Nc3 Bb4 4. e5 Ne7 5. a3 Bxc3+ 6. bxc3 c5 7. Nf3 Qc7 8. a4 b6 9. Bb5+ Bd7 10. Bd3 Nbc6 11. O-O Na5 12. Qd2 h6 13. Qf4 c4 14. Be2 Nf5 15. h4 O-O-O 16. h5 g5 17. Qd2 g4 18. Nh2 g3 19. fxg3 Nxg3 20. Rxf7 Ne4 21. Qe1 Rdg8 22. Bf3 Qd8 23. Ng4 Be8 24. Rxa7 Kb8 25. Rxa5 bxa5 26. Nf6 Nxf6 27. exf6 Qxf6 28. Qe3 Rh7 29. Qf4+ Qxf4 30. Bxf4+ Kc8 31. Rb1 Rf7 32. Rb8+ Kd7 33. Rb7+ Kc6 34. Rxf7 Bxf7 35. Bxh6 Bxh5 36. Bxh5 Rh8 37. Bg5 Rxh5 38. Bd8 e5 39. Bxa5 e4 40. Bd8 Rh8 41. Bf6 Ra8 42. g4 Rxa4 43. g5 Ra8 44. g6 Kd7 45. g7 Ke6 46. Be5 Kf7 47. Kf2 Ra2 48. Ke3 Rxc2 49. Kf4 Rf2+ 50. Kg4 Rf3 51. Bf4 Kg8 52. Kf5 Rxc3 53. Ke5 e3 54. Kxd5 e2 55. Bd2 Rd3 56. Be1 Rd1 57. Bc3 Rc1 58. Bd2 c3 59. Bxc1 e1=Q 60. Bf4 c2 61. Be5 c1=Q 62. Ke6 Qc4+ 0-1


[Site "https://www.chess.com"]

[Event "Titled Tuesday Blitz April 25 Early 2023"]
[White "Sarana, Alexey"]
[Black "Kleiman, Jake"]
[WhiteFideId "24133795"]
[BlackFideId "2020041"]
[WhiteElo "2714"]
[BlackElo "2559"]
[Result "1-0"]
[Round "08"]
[TimeControl "180+2"]
[Date "2023.04.25"]
[WhiteClock "0:00:19"]
[BlackClock "0:00:01"]

1. d4 Nf6 2. c4 e6 3. Nc3 Bb4 4. e3 O-O 5. Bd3 d5 6. a3 Bxc3+ 7. bxc3 c5 8. cxd5 exd5 9. Ne2 b6 10. O-O Ba6 11. f3 Re8 12. Ng3 Bxd3 13. Qxd3 Nc6 14. Bb2 Rc8 15. e4 dxe4 16. fxe4 cxd4 17. cxd4 Ne5 18. Qe2 Nc4 19. e5 Nd5 20. Nf5 Nxb2 21. Qxb2 Re6 22. Rf3 Rc7 23. Raf1 f6 24. Qb3 Kh8 25. Nd6 Rxd6 26. exd6 Qxd6 27. Re1 Rc8 28. h3 h6 29. Qd3 Rd8 30. Qg6 Ne7 31. Qf7 Rd7 32. d5 Nxd5 33. Re8+ Kh7 34. Qg8+ Kg6 35. Re6 Qc7 36. Re4 h5 37. Qe8+ Kh6 38. Rf5 Qc1+ 39. Re1 Qc5+ 40. Kh1 g6 41. Qxd7 1-0


[Site "https://www.chess.com"]

[Event "Titled Tuesday Blitz April 25 Early 2023"]
[White "Djordjevic, Vuk"]
[Black "Bortnyk, Olexandr"]
[WhiteFideId "902098"]
[BlackFideId "14120828"]
[WhiteElo "2452"]
[BlackElo "2734"]
[Result "0-1"]
[Round "08"]
[TimeControl "180+2"]
[Date "2023.04.25"]
[WhiteClock "0:00:01"]
[BlackClock "0:00:17"]

1. d4 d6 2. Bg5 Nd7 3. Nf3 Ngf6 4. h3 e5 5. e3 Be7 6. c4 O-O 7. Nc3 c6 8. Be2 h6 9. Bh4 Qc7 10. O-O Re8 11. b4 Nf8 12. b5 Ng6 13. Bg3 Bf5 14. Bd3 e4 15. Bc2 Qa5 16. Qd2 exf3 17. Bxf5 fxg2 18. Kxg2 cxb5 19. cxb5 Nd5 20. Ne4 Qxb5 21. Kh2 Rad8 22. Rab1 Qa6 23. Rg1 Nf8 24. Nc3 Nxc3 25. Qxc3 b6 26. Bd3 Qb7 27. Bb5 Rc8 28. Qd3 Ne6 29. Bxe8 Ng5 30. e4 Rxe8 31. d5 Bf6 32. Rbf1 Qd7 33. Bf4 Nxe4 34. Bxh6 Re5 35. Bf4 Rh5 36. Rg2 Qf5 37. Bc1 Nd2 38. Qxf5 Nxf1+ 39. Kg1 Rxf5 40. Kxf1 Rxd5 41. Ke2 Rc5 42. Kd1 Rd5+ 43. Kc2 Ra5 44. a3 Rc5+ 45. Kd1 g6 46. Bf4 Rd5+ 47. Kc2 Rc5+ 48. Kd2 Rc4 49. Be3 Ra4 50. Rg4 Rxa3 51. Rc4 d5 52. Rc6 Be5 53. Rc8+ Kg7 54. Rd8 d4 55. Bg5 Rxh3 56. Be7 Rb3 57. Ra8 a5 58. Bd8 d3 59. Bg5 b5 60. Kd1 Bc3 61. Be3 Rb1+ 0-1


[Site "https://www.chess.com"]

[Event "Titled Tuesday Blitz April 25 Early 2023"]
[White "Liu, Xiangyi"]
[Black "Pranesh M"]
[WhiteFideId "8605718"]
[BlackFideId "35028600"]
[WhiteElo "2323"]
[BlackElo "2437"]
[Result "0-1"]
[Round "08"]
[TimeControl "180+2"]
[Date "2023.04.25"]
[WhiteClock "0:00:04"]
[BlackClock "0:01:21"]

1. Nf3 Nf6 2. g3 b6 3. Bg2 Bb7 4. O-O e6 5. d3 Be7 6. Nbd2 O-O 7. e4 d5 8. e5 Nfd7 9. Re1 c5 10. h4 Nc6 11. h5 h6 12. Nf1 Rc8 13. c3 b5 14. N1h2 d4 15. Ng4 dxc3 16. bxc3 Nb6 17. Nxh6+ gxh6 18. Bxh6 Re8 19. Nh4 Kh7 20. Qf3 Rf8 21. Bxf8 Qxf8 22. Nf5 exf5 23. Qxf5+ Kh8 24. e6 f6 25. Rad1 Na5 26. d4 Bxg2 27. Kxg2 Nb7 28. dxc5 Rxc5 29. Qf3 Nd6 30. h6 Nbc4 31. Rd4 Rf5 32. Qc6 Ne5 33. Rxe5 Rxf2+ 34. Kxf2 fxe5+ 0-1


[Site "https://www.chess.com"]

[Event "Titled Tuesday Blitz April 25 Early 2023"]
[White "Cherniaiev, Tykhon"]
[Black "Eljanov, Pavel"]
[WhiteFideId "14182360"]
[BlackFideId "14102951"]
[WhiteElo "2450"]
[BlackElo "2598"]
[Result "0-1"]
[Round "08"]
[TimeControl "180+2"]
[Date "2023.04.25"]
[WhiteClock "0:00:08"]
[BlackClock "0:00:16"]

1. Nf3 d5 2. d4 Nf6 3. c4 e6 4. Nc3 Nbd7 5. Bg5 h6 6. Bxf6 Nxf6 7. e3 Bd6 8. h3 O-O 9. Bd3 dxc4 10. Bxc4 c5 11. O-O a6 12. a4 cxd4 13. Qxd4 Qe7 14. Rad1 Rd8 15. Qh4 Bd7 16. e4 Nh7 17. Qh5 Rac8 18. Ba2 Bb4 19. Rc1 Nf6 20. Qh4 Bxc3 21. Rxc3 Rxc3 22. bxc3 Bc6 23. e5 Nd5 24. Qd4 Qa3 25. Bxd5 Rxd5 26. Qe3 Qxa4 27. Nd4 Bb5 28. Rb1 Qa5 29. c4 Bxc4 30. Nf3 b5 31. Qa7 Qa2 32. Re1 a5 33. Qb8+ Kh7 34. Qc7 Qc2 35. Qxf7 Qg6 36. Qc7 a4 37. Qe7 Rd3 38. Kh2 Bd5 39. Nh4 Qg5 40. Qf7 Qxh4 41. Re3 Rxe3 42. fxe3 Qg5 43. g4 Qxe5+ 44. Kg1 Qg3+ 45. Kf1 Qf3+ 46. Qxf3 Bxf3 47. Kf2 Be4 48. Ke1 e5 49. Kd2 b4 50. Kc1 a3 51. Kd2 a2 52. Ke2 a1=Q 53. Kd2 Qb2+ 54. Ke1 Bf3 55. Kf1 Qe2+ 56. Kg1 Qg2# 0-1


[Site "https://www.chess.com"]

[Event "Titled Tuesday Blitz April 25 Early 2023"]
[White "Esipenko, Andrey"]
[Black "Gunina, Valentina"]
[WhiteFideId "24175439"]
[BlackFideId "4167570"]
[WhiteElo "2615"]
[BlackElo "2352"]
[Result "1-0"]
[Round "08"]
[TimeControl "180+2"]
[Date "2023.04.25"]
[WhiteClock "0:01:08"]
[BlackClock "0:00:13"]

1. e4 c6 2. d4 d5 3. f3 e6 4. Nc3 Bb4 5. Bd3 dxe4 6. fxe4 Qxd4 7. Nf3 Qb6 8. Qe2 Ne7 9. a3 Bxc3+ 10. bxc3 Qc5 11. c4 Nd7 12. Be3 Qa5+ 13. Bd2 Qc7 14. e5 Ng6 15. Bxg6 hxg6 16. O-O c5 17. Rae1 b6 18. Ng5 Rf8 19. Nxf7 Rxf7 20. Rxf7 Kxf7 21. Qf3+ Nf6 22. Qxa8 Bb7 23. Qh8 Qc6 24. Qh3 Ne4 25. Rf1+ Kg8 26. Be3 Qa4 27. Qxe6+ Kh7 28. Qh3+ Kg8 29. e6 Bc8 30. Qg4 Nf6 31. Rxf6 gxf6 32. Qxg6+ 1-0


[Site "https://www.chess.com"]

[Event "Titled Tuesday Blitz April 25 Early 2023"]
[White "Mirzoev, Azer"]
[Black "Durarbayli, Vasif"]
[WhiteFideId "13400304"]
[BlackFideId "13402935"]
[WhiteElo "2525"]
[BlackElo "2551"]
[Result "0-1"]
[Round "08"]
[TimeControl "180+2"]
[Date "2023.04.25"]
[WhiteClock "0:00:01"]
[BlackClock "0:01:14"]

1. d4 Nf6 2. c4 e6 3. Nc3 c5 4. Nf3 cxd4 5. Nxd4 a6 6. g3 Qc7 7. Bg2 Qxc4 8. O-O Nc6 9. Nb3 d5 10. Bf4 Qb4 11. Rc1 Be7 12. Bc7 Bd8 13. a3 Qe7 14. Bf4 Bb6 15. e4 d4 16. Na4 Ba7 17. e5 Nd5 18. Bxd5 exd5 19. Nac5 O-O 20. Re1 Be6 21. h4 Rac8 22. Bg5 Qc7 23. Nxd4 Nxd4 24. Nxe6 fxe6 25. Rxc7 Rxc7 26. Be3 Nf3+ 27. Kh1 Nxe1 28. Bxa7 Nf3 29. Kg2 d4 0-1


[Site "https://www.chess.com"]

[Event "Titled Tuesday Blitz April 25 Early 2023"]
[White "Kuzubov, Yuriy"]
[Black "Szpar, Milosz"]
[WhiteFideId "14112906"]
[BlackFideId "1184989"]
[WhiteElo "2496"]
[BlackElo "2436"]
[Result "0-1"]
[Round "08"]
[TimeControl "180+2"]
[Date "2023.04.25"]
[WhiteClock "0:00:02"]
[BlackClock "0:00:15"]

1. d4 d5 2. c4 dxc4 3. Nf3 Nf6 4. e3 e6 5. Bxc4 a6 6. O-O b5 7. Bd3 Bb7 8. a4 b4 9. b3 Nbd7 10. Bb2 c5 11. Nbd2 Be7 12. Qe2 O-O 13. Rfd1 cxd4 14. Nxd4 Nd5 15. Rac1 Nc5 16. Bb1 Rc8 17. N2f3 Qc7 18. e4 Nf4 19. Qe3 Qb8 20. g3 Ng6 21. h4 Rfd8 22. Ne2 Rxd1+ 23. Rxd1 Rd8 24. Rc1 Nd7 25. h5 Nge5 26. h6 Ng4 27. Qf4 Qxf4 28. Nxf4 Bc5 29. Nd3 Bxe4 30. Nxc5 Nxc5 31. Bxe4 Nxe4 32. Bxg7 f6 33. Ne1 Ngxf2 34. Ng2 Rd1+ 35. Rxd1 Nxd1 36. Nf4 Kf7 37. a5 Nc5 38. Kh2 Ne3 39. Kh3 Nf5 40. Bh8 Nxb3 41. Nd3 Nxa5 42. Nxb4 Nb7 43. Nxa6 Nbd6 44. Nc7 Nxh6 45. g4 Ng8 46. Kh4 Ne7 47. Kh5 Ne4 48. Kh6 Ng8+ 49. Kxh7 Ng5# 0-1


[Site "https://www.chess.com"]

[Event "Titled Tuesday Blitz April 25 Early 2023"]
[White "Mitrabha, Guha"]
[Black "Shuvalova, Polina"]
[WhiteFideId "5057000"]
[BlackFideId "24171760"]
[WhiteElo "2507"]
[BlackElo "2281"]
[Result "0-1"]
[Round "08"]
[TimeControl "180+2"]
[Date "2023.04.25"]
[WhiteClock "0:01:50"]
[BlackClock "0:01:05"]

1. Nf3 Nf6 2. d4 d6 3. g3 g6 4. Bg2 Bg7 5. O-O O-O 6. c4 Nc6 7. Nc3 e5 8. dxe5 dxe5 9. Bg5 h6 10. Qxd8 Rxd8 11. Bxf6 Bxf6 12. Nd5 Kg7 13. Nxc7 Rb8 14. e4 Be7 15. Rfd1 Be6 16. Nd5 Bc5 17. Ne1 a5 18. a3 Bd4 19. Rab1 b5 20. cxb5 Rxb5 21. Nd3 a4 22. Rbc1 Na5 23. Nc7 Rbb8 24. Nxe6+ fxe6 25. Rc7+ Kf6 26. h4 Rbc8 27. Rb7 Nxb7 28. Kh2 Nc5 29. Nb4 h5 30. Kh3 Bxb2 31. Rf1 Bxa3 32. Nc2 Bb2 33. f4 exf4 34. Rxf4+ Kg7 35. e5 Nd3 36. Rxa4 Rxc2 37. Ra7+ Kh6 0-1


[Site "https://www.chess.com"]

[Event "Titled Tuesday Blitz April 25 Early 2023"]
[White "Karthik Rajaa"]
[Black "Indjic, Aleksandar"]
[WhiteFideId "25035215"]
[BlackFideId "911925"]
[WhiteElo "2215"]
[BlackElo "2614"]
[Result "0-1"]
[Round "08"]
[TimeControl "180+2"]
[Date "2023.04.25"]
[WhiteClock "0:00:01"]
[BlackClock "0:00:56"]

1. Nf3 e6 2. c4 b6 3. g3 Bb7 4. Bg2 Nf6 5. O-O c5 6. b3 Be7 7. Bb2 O-O 8. Nc3 d6 9. e3 Nbd7 10. d3 a6 11. Qe2 Qc7 12. Rfd1 Rab8 13. Rac1 h6 14. Ne1 Rfe8 15. f4 b5 16. cxb5 Bxg2 17. b6 Nxb6 18. Nxg2 a5 19. a4 Nbd5 20. Nb5 Qb6 21. g4 Nd7 22. Rb1 Nc7 23. Nxc7 Qxc7 24. Bc3 Bf6 25. Bxf6 Nxf6 26. e4 Nd7 27. h4 d5 28. g5 hxg5 29. hxg5 Nf8 30. Qf3 Qb6 31. Kh2 Qd6 32. Kg1 Ng6 33. Rdc1 Rb4 34. Qe3 Rc8 35. Re1 dxe4 36. dxe4 e5 37. Rbd1 Rd4 38. Rxd4 cxd4 39. Qe2 d3 40. Qd2 exf4 41. e5 Qd4+ 42. Qf2 Rd8 43. Qxd4 Rxd4 44. Kf2 Nxe5 0-1


[Site "https://www.chess.com"]

[Event "Titled Tuesday Blitz April 25 Early 2023"]
[White "Donchenko, Alexander"]
[Black "Javakhadze, Zurab"]
[WhiteFideId "24603295"]
[BlackFideId "13603647"]
[WhiteElo "2542"]
[BlackElo "2381"]
[Result "0-1"]
[Round "08"]
[TimeControl "180+2"]
[Date "2023.04.25"]
[WhiteClock "0:00:10"]
[BlackClock "0:00:11"]

1. Nf3 d5 2. g3 Nf6 3. Bg2 e6 4. O-O Be7 5. c4 O-O 6. b3 b6 7. Bb2 Bb7 8. e3 c5 9. Qe2 dxc4 10. bxc4 Nc6 11. Nc3 Qc7 12. Rac1 Rfd8 13. Rfd1 Rac8 14. h3 Ne8 15. d4 cxd4 16. exd4 Na5 17. Nb5 Qb8 18. d5 Bf6 19. dxe6 Bxb2 20. exf7+ Kxf7 21. Qxb2 Nxc4 22. Qe2 Rxd1+ 23. Rxd1 Nf6 24. Rd4 a6 25. Rxc4 axb5 26. Rd4 Rc1+ 27. Kh2 Rc5 28. a3 Qc7 29. Qa2+ Kf8 30. Rd2 Bxf3 31. Bxf3 Rc3 32. Bg2 h5 33. Qb1 Qc5 34. Qg6 h4 35. Rd8+ Ke7 36. Rb8 Qxf2 37. Rb7+ Kd6 38. Rxb6+ Qxb6 39. gxh4 Qf2 40. Qg5 Qe3 41. Qxb5 Qe5+ 42. Qxe5+ Kxe5 43. a4 Ra3 44. Bc6 Nh5 45. Kg2 Nf4+ 46. Kf2 Nxh3+ 47. Ke2 Nf4+ 48. Kd2 Ne6 49. Kc2 Nd4+ 50. Kb2 Rb3+ 51. Ka2 Rh3 52. Bd7 Rxh4 53. a5 Kd6 54. Ba4 Nc6 55. Bb3 Nxa5 56. Bc2 Nc6 57. Kb2 Nd4 58. Bd3 Ke5 59. Kc3 g5 60. Kc4 g4 61. Bf1 g3 62. Bg2 Rh2 63. Bb7 g2 64. Bxg2 Rxg2 65. Kd3 Nf5 66. Kc3 Ke4 67. Kc4 Rd2 68. Kb4 Rc2 69. Kb3 Kd3 70. Kb4 Rc3 71. Ka4 Kc4 72. Ka5 Rb3 73. Ka6 Kc5 74. Ka7 Kc6 75. Ka8 Kc7 76. Ka7 Ra3# 0-1


[Site "https://www.chess.com"]

[Event "Titled Tuesday Blitz April 25 Early 2023"]
[White "Lewicki, Miroslaw"]
[Black "Harsha Bharathakoti"]
[WhiteFideId "1113380"]
[BlackFideId "5078776"]
[WhiteElo "2212"]
[BlackElo "2504"]
[Result "0-1"]
[Round "08"]
[TimeControl "180+2"]
[Date "2023.04.25"]
[WhiteClock "0:00:25"]
[BlackClock "0:00:25"]

1. e4 c5 2. Nf3 d6 3. Nc3 Nf6 4. g3 g6 5. Bg2 Bg7 6. O-O O-O 7. d4 cxd4 8. Nxd4 a6 9. Re1 e5 10. Nb3 h6 11. a4 Bg4 12. Qd3 Nc6 13. a5 Nb4 14. Qd2 Be6 15. Ra4 Nc6 16. Nd5 Bxd5 17. exd5 Ne7 18. Rb4 Qc7 19. c4 Nd7 20. Qe2 f5 21. Be3 f4 22. gxf4 Nf5 23. Bh3 Rae8 24. Qg4 exf4 25. Qxg6 Ne5 26. Bb6 Nf3+ 27. Kg2 N5h4+ 28. Kf1 Rxe1# 0-1


[Site "https://www.chess.com"]

[Event "Titled Tuesday Blitz April 25 Early 2023"]
[White "Bacrot, Etienne"]
[Black "Sviridov, Valery"]
[WhiteFideId "605506"]
[BlackFideId "4120680"]
[WhiteElo "2663"]
[BlackElo "2457"]
[Result "0-1"]
[Round "08"]
[TimeControl "180+2"]
[Date "2023.04.25"]
[WhiteClock "0:00:28"]
[BlackClock "0:00:43"]

1. d4 g6 2. e4 Bg7 3. h4 d5 4. e5 c5 5. c3 h5 6. Bd3 Nc6 7. Ne2 Nh6 8. Bxh6 Bxh6 9. Nd2 Qb6 10. Qb3 c4 11. Qxb6 axb6 12. Bc2 b5 13. f4 b4 14. Nf3 Bg4 15. Rf1 e6 16. Kd2 Bxf3 17. Rxf3 Kd7 18. cxb4 Nxb4 19. a3 Nc6 20. Rg1 Bf8 21. g3 b5 22. Ke3 Be7 23. Nc3 Rhb8 24. Rb1 b4 25. axb4 Rxb4 26. Rf2 Ra5 27. Rd2 Bd8 28. Bd1 Bb6 29. g4 hxg4 30. Bxg4 Ra8 31. Nxd5 Rb3+ 32. Ke4 Ba5 33. Rdd1 Rab8 34. Nf6+ Ke7 35. d5 exd5+ 36. Rxd5 Kf8 37. Nd7+ Kg7 38. Nxb8 Bb6 39. f5 Nxb8 40. f6+ Kh6 41. e6 fxe6 42. Rd6 Re3+ 43. Kf4 e5# 0-1


[Site "https://www.chess.com"]

[Event "Titled Tuesday Blitz April 25 Early 2023"]
[White "Wieczorek, Oskar"]
[Black "Janik, Igor"]
[WhiteFideId "1133950"]
[BlackFideId "1159259"]
[WhiteElo "2418"]
[BlackElo "2484"]
[Result "1-0"]
[Round "08"]
[TimeControl "180+2"]
[Date "2023.04.25"]
[WhiteClock "0:00:03"]
[BlackClock "0:00:13"]

1. e4 c5 2. Nf3 Nc6 3. b4 cxb4 4. d4 d5 5. exd5 Qxd5 6. c4 bxc3 7. Nxc3 Qa5 8. Rb1 e6 9. Bd2 Bb4 10. Rxb4 Qxb4 11. d5 exd5 12. Nxd5 Qe4+ 13. Be3 Kf8 14. Ng5 Qe5 15. f4 Qd6 16. Ne4 Qd8 17. Bc4 Be6 18. O-O Nge7 19. Bc5 Bxd5 20. Bxd5 Kg8 21. Bb3 b6 22. Ba3 Nf5 23. Ng5 Nh6 24. Qf3 Nd4 25. Qe4 Nxb3 26. axb3 Qe8 27. Qf3 f6 28. Qd5+ Nf7 29. Nxf7 h5 30. Ng5+ 1-0


[Site "https://www.chess.com"]

[Event "Titled Tuesday Blitz April 25 Early 2023"]
[White "Hua, Lefong"]
[Black "Narayanan, Srinath"]
[WhiteFideId "2602253"]
[BlackFideId "5018420"]
[WhiteElo "2668"]
[BlackElo "2438"]
[Result "1-0"]
[Round "08"]
[TimeControl "180+2"]
[Date "2023.04.25"]
[WhiteClock "0:00:11"]
[BlackClock "0:00:03"]

1. d4 d5 2. c4 dxc4 3. Nf3 Nf6 4. e3 e6 5. Bxc4 c5 6. O-O a6 7. Bb3 b5 8. a4 Bb7 9. axb5 axb5 10. Rxa8 Bxa8 11. dxc5 Qxd1 12. Rxd1 Bxc5 13. Na3 b4 14. Ba4+ Ke7 15. Nc4 Rc8 16. Nfe5 Bd5 17. Bb5 Ne4 18. f3 Nd6 19. Nxd6 Bxd6 20. Nd3 f5 21. Bd2 Rc2 22. Bxb4 Rc7 23. Bxd6+ Kxd6 24. Nf4 Rb7 25. Bc4 Rxb2 26. Bxd5 exd5 27. Rxd5+ Ke7 28. Rxf5 Nd7 29. h4 g6 30. Ra5 Rd2 31. e4 Rc2 32. Ra7 Kd6 33. Ra6+ Ke5 34. Nd5 Nc5 35. Ra7 Nd3 36. Re7+ Kd4 37. Rxh7 Ne1 38. Nf4 Ke3 39. Rf7 Rc1 40. Kh2 Kf2 41. Nh3+ Kf1 42. Kg3 Nxg2 43. Nf4 Ne1 44. Nxg6 Ke2 45. h5 Rc3 46. Nh4 Nd3 47. h6 Rc1 48. h7 Rg1+ 49. Kh2 Kf1 50. h8=Q Nf2 51. Qa1+ 1-0


[Site "https://www.chess.com"]